AoeStats
← 他并不是一个笨比

Arabia

510701045Analyzed
1v1 RM · 15h ago on Oct 2, 2026· 31m 26s· 2 players
Game mode
Random Map
Map size
Tiny (2 player)
Population
200
Speed
Normal
Resources
Standard
Victory
Conquest
Starting age
Dark Age
Ending age
Imperial Age
RankedLock teamsTeams togetherTeam positionsShared explorationLock speedFull tech treeHidden civsTurbo modeCheats
Victory
Defeat
1058
+16
🇦🇷 Bulgarians · Argentina
1067
-16
他并不是一个笨比
9:16 Loom
11:35 Feudal Age
16:34 Horse Collar
19:08 Scale Mail Armor
20:24 Forging
26:59 Castle Age
26:03 Arson
26:34 Stone Mining
26:35 Double-Bit Axe
28:38 Iron Casting
28:19 Chain Mail Armor
soldadPERON
6:07 Loom
9:50 Feudal Age
13:00 Double-Bit Axe
14:08 Forging
14:04 Arson
14:50 Scale Mail Armor
15:12 Horse Collar
22:20 Fletching
25:10 Wheelbarrow
28:44 Castle Age
30:03 Bodkin Arrow
Connection lost

Rejoining the realm…

Still unreachable

The connection could not be restored.

Session expired

The server has moved on; the page needs a fresh start.